 Dungeon Sprint DCSS version 0.21-a0-331-gfb491b4 (webtiles) character file.

380 potatolord6000 the Thaumaturge (level 6, -2/32 HPs)
             Began as a Deep Elf Conjurer on Oct 2, 2017.
             Was an Initiate of Elyvilon.
             Slain by a gnoll sergeant
             ... wielding a +0 trident
              (3 damage)
             ... in the Dungeon (Sprint VII: "The Pits").
             The game lasted 00:05:59 (754 turns).

potatolord6000 the Thaumaturge (Deep Elf Conjurer)   Turns: 754, Time: 00:06:00

Health: -2/32      AC:  2    Str:  5    XL:     6   Next: 46%
Magic:  2/19       EV: 17    Int: 22    God:    Elyvilon [......]
Gold:   0          SH:  0    Dex: 15    Spells: 10/21 levels left

rFire    . . .     SeeInvis .   p - staff of energy
rCold    . . .     Gourm    .   (no shield)
rNeg     . . .     Faith    .   a - +0 robe
rPois    .         Spirit   .   (no helmet)
rElec    .         Reflect  .   (no cloak)
rCorr    .         Harm     .   (no gloves)
MR       .....     NoTele   +   (no boots)
Stlth    ++++......             (no amulet)
HPRegen  0.10/turn              (no ring)
MPRegen  0.16/turn              (no ring)

@: very slightly contaminated
A: no striking features
a: Renounce Religion


You were in the Dungeon.
You worshipped Elyvilon.
Elyvilon was noncommittal.
You were not hungry.

You visited 1 branch

Inventory:

Armour
 a - a +0 robe (worn)
Magical Staves
 p - an uncursed staff of energy (weapon)
Scrolls
 i - a scroll of blinking
 k - 3 scrolls of remove curse
 l - 5 scrolls of amnesia
 m - a scroll of summoning
Potions
 d - 6 potions of curing
 e - 4 potions of heal wounds
 f - a potion of haste
 g - 2 potions of magic
 h - 2 potions of berserk rage
 j - 2 potions of invisibility
Books
 b - a book of Conjurations

   Spells                             Type                      Level
   a - Magic Dart                     Conjuration                  1
   b - Searing Ray                    Conjuration                  2
   c - Dazzling Spray                 Conjuration/Hexes            3
   d - Fulminant Prism                Conjuration/Hexes            4
   e - Force Lance                    Conjuration/Translocation    4
   f - Iskenderun's Mystic Blast      Conjuration                  4
Comestibles
 c - 8 bread rations
 n - 40 fruits
 o - 7 meat rations


   Skills:
 + Level 7.4 Dodging
 + Level 7.8 Stealth
 + Level 8.1 Spellcasting
 + Level 7.7 Conjurations
 + Level 5.6 Invocations
 + Level 6.0 Evocations


You had 10 spell levels left.
You knew the following spells:

 Your Spells              Type           Power        Failure   Level  Hunger
a - Magic Dart            Conj           ####         1%          1    None
b - Searing Ray           Conj           #####.       1%          2    None
c - Iskenderun's Mystic   Conj           #####...     3%          4    None
d - Force Lance           Conj/Tloc      ####....     14%         4    None


Dungeon Overview and Level Annotations

Branches:
Dungeon (1/1)

Altars:
Ashenzari
Cheibriados
Dithmenos
Elyvilon
Fedhas
Gozag
Hepliaklqana
Kikubaaqudgha
Makhleb
Nemelex Xobeh
Okawaru
Qazlal
Ru
Sif Muna
Trog
Uskayaw
Vehumet
Wu Jian
Xom
Yredelemnul
Zin
The Shining One
Beogh
Jiyva
Lugonu


Message History

Press: ? - help, Shift-Dir - straight line, f/p - gnoll sergeant
Aim: a gnoll sergeant, wielding a trident, wearing a ring mail and wearing a shiny buckler (almost dead)
The magic dart hits the gnoll sergeant.
The gnoll sergeant is almost dead.
The gnoll sergeant hits you from afar with a trident!
* * * LOW HITPOINT WARNING * * *
Unknown command.
Unknown command.
Casting: Magic Dart
Confirm with . or Enter, or press ? or * to list all spells.
You don't have enough magic to cast that spell.
Casting: Magic Dart
Confirm with . or Enter, or press ? or * to list all spells.
Aiming: Magic Dart
Press: ? - help, Shift-Dir - straight line, f/p - gnoll sergeant
Aim: a gnoll sergeant, wielding a trident, wearing a ring mail and wearing a shiny buckler (almost dead)
The magic dart hits the gnoll sergeant.
The gnoll sergeant is almost dead.
The gnoll sergeant hits you from afar with a trident.
You die...

#.#........##.......#
#'###########.......#
#..#.#.## #########
#.......# ##รท#.#.##
#.......# ##.#.#.##
#.......#+#
##.#.#.@'g#
##########


You could see a gnoll sergeant.

Vanquished Creatures
  2 floating eyes (D)
  A wolf (D)
  A hound (D)
  Ijyb (D)
  An adder (D)
  A river rat (D)
  An ooze (D)
  A ball python (D)
  2 giant cockroaches (D)
  9 jackals (D)
  A bat (D)
21 creatures vanquished.

Notes
Turn   | Place    | Note
-------+----------+-------------------------------------------
     0 | D        | potatolord6000 the Deep Elf Conjurer began the quest for the Orb.
     0 | D        | Reached XP level 1. HP: 10/10 MP: 6/6
    53 | D        | Found a bloodstained altar of Trog.
    53 | D        | Found a deep blue altar of Sif Muna.
    53 | D        | Found a viscous altar of Jiyva.
    53 | D        | Found a hazy altar of Hepliaklqana.
    53 | D        | Found an opulent altar of Gozag.
    54 | D        | Found a glowing golden altar of the Shining One.
    54 | D        | Found a glowing silver altar of Zin.
    54 | D        | Found a basalt altar of Yredelemnul.
    54 | D        | Found a shimmering altar of Xom.
    54 | D        | Found an ornate altar of the Wu Jian Council.
    54 | D        | Found a sacrificial altar of Ru.
    54 | D        | Found a stormy altar of Qazlal.
    54 | D        | Found an iron altar of Okawaru.
    54 | D        | Found a sparkling altar of Nemelex Xobeh.
    54 | D        | Found a burning altar of Makhleb.
    54 | D        | Found a blossoming altar of Fedhas.
    54 | D        | Found a white marble altar of Elyvilon.
    54 | D        | Found a shadowy altar of Dithmenos.
    54 | D        | Found a snail-covered altar of Cheibriados.
    56 | D        | Found a radiant altar of Vehumet.
    56 | D        | Found a corrupted altar of Lugonu.
    56 | D        | Found a roughly hewn altar of Beogh.
    57 | D        | Found a hide-covered altar of Uskayaw.
    57 | D        | Found an ancient bone altar of Kikubaaqudgha.
    57 | D        | Found a shattered altar of Ashenzari.
    63 | D        | Became a worshipper of Elyvilon the Healer
   131 | D        | Reached XP level 2. HP: 13/15 MP: 2/8
   137 | D        | Reached skill level 4 in Spellcasting
   209 | D        | Noticed a floating eye
   214 | D        | Learned a level 2 spell: Searing Ray
   217 | D        | Killed a floating eye
   217 | D        | Reached skill level 5 in Dodging
   217 | D        | Reached skill level 5 in Stealth
   217 | D        | Reached skill level 5 in Spellcasting
   217 | D        | Reached XP level 3. HP: 19/19 MP: 7/12
   217 | D        | Reached XP level 4. HP: 24/24 MP: 7/13
   218 | D        | Noticed a floating eye
   222 | D        | Paralysed by a floating eye for 4 turns
   228 | D        | Killed a floating eye
   228 | D        | Reached skill level 6 in Spellcasting
   228 | D        | Reached XP level 5. HP: 28/28 MP: 3/16
   318 | D        | Learned a level 4 spell: Iskenderun's Mystic Blast
   323 | D        | Learned a level 4 spell: Force Lance
   325 | D        | Noticed Ijyb
   327 | D        | Reached skill level 7 in Spellcasting
   351 | D        | Killed Ijyb
   351 | D        | Reached skill level 5 in Evocations
   485 | D        | Noticed a wolf
   501 | D        | Reached skill level 5 in Invocations
   501 | D        | Reached XP level 6. HP: 27/32 MP: 7/18
   517 | D        | Reached skill level 8 in Spellcasting
   753 | D        | HP: 1/32 [gnoll sergeant/trident (11)]
   754 | D        | Slain by a gnoll sergeant

Vault maps used:
D:        pitsprint

Skill      XL: |  1  2  3  4  5  6 |
---------------+-------------------+-----
Dodging        | 3 5 6 7 |  7.4
Stealth        | 3 5 6 7 |  7.8
Spellcasting   | 5 6 7 8 |  8.1
Conjurations   | 6 7 |  7.7
Invocations    | 3 4 5 |  5.6
Evocations     | 3 4 5 6 |  6.0

Action                   |  1- 3 |  4- 6 || total
-------------------------+-------+-------++-------
Melee: Unarmed           |     2 |       ||     2
       Staff             |    18 |     2 ||    20
 Cast: Magic Dart        |    13 |    24 ||    37
       Searing Ray       |     1 |     3 ||     4
       Force Lance       |       |     8 ||     8
       Iskenderun's Myst |       |     3 ||     3
Evoke: Staff of energy   |       |     2 ||     2
  Use: Potion            |     1 |     4 ||     5
Armor: Robe              |     9 |     2 ||    11
Dodge: Dodged            |    23 |    17 ||    40

Table legend:
 A = Spawn XP
 B = Non-spawn XP
 C = Spawn XP percentage of total XP
 D = Spawn monster count
 E = Non-spawn monster count
 F = Spawn count percentage of total count
 G = Total turns spent on level
                    A         B        C        D         E        F      G
               +---------+---------+-------+---------+---------+-------+---------
         Total |       0 |     544 |   0.0 |       0 |      21 |   0.0 |   754
               +---------+---------+-------+---------+---------+-------+---------
             D |       0 |     544 |   0.0 |       0 |      21 |   0.0 |   754
               +---------+---------+-------+---------+---------+-------+---------
